Thrashers vs Flames

Created - October 30 2007 at 18:09

Goals
1 2 3 OT1 SO T
Thrashers 1 2 3 0 0 6
Flames 1 3 2 0 2 7
Shots
1 2 3 OT1 SO T
Thrashers 12 8 14 2 2 36
Flames 9 13 10 5 2 37

Period #1

1. Thrashers , Dany Heatley 9 (Justin Williams, Alexei Yashin) at 4:02 (PP)
2. Flames , Daymond Langkow 6 (Jarome Iginla, Roman Hamrlik) at 6:35 (PP)

Penalities :
Dion Phaneuf (CGY) for Hooking (Minor) at 3:12, Matthew Lombardi (CGY) for Hooking (Minor) at 5:23, Alexei Yashin (ATL) for Tripping (Minor) at 5:23, Justin Williams (ATL) for High sticking (Minor) at 5:26, Dion Phaneuf (CGY) for Hooking (Minor) at 10:17, Tony Amonte (CGY) for Tripping (Minor) at 12:36, Tony Amonte (CGY) for Hooking (Minor) at 15:28, Justin Williams (ATL) for Holding (Minor) at 19:16

Period #2

3. Flames , Jarome Iginla 7 (Kristian Huselius, Jaroslav Modry) at 0:34
4. Flames , Bill Guerin 9 (Kristian Huselius) at 1:14
5. Thrashers , Henrik Sedin 4 (Daniel Sedin, Marian Hossa) at 1:56 (PP)
6. Thrashers , Darryl Sydor 3 (Kyle Calder, Michael Zigomanis) at 2:11
7. Flames , Jarome Iginla 8 (Andrew Ference, Daymond Langkow) at 9:27

Penalities :
Alex Tanguay (CGY) for Interference (Minor) at 0:16, Bill Guerin (CGY) for High sticking (Minor) at 4:03, Roman Hamrlik (CGY) for Tripping (Minor) at 8:35, Dany Heatley (ATL) for Hooking (Minor) at 8:35, Dany Heatley (ATL) for Interference (Minor) at 11:14, Brett Clark (ATL) for Holding (Minor) at 17:10

Period #3

8. Thrashers , Dany Heatley 10 (Dan Boyle) at 0:19
9. Flames , Craig Conroy 2 (Tony Amonte, Rhett Warrener) at 3:13
10. Thrashers , Marian Hossa 8 (Dan Boyle, Henrik Sedin) at 7:47 (PP)
11. Thrashers , Dany Heatley 11 (Kyle Calder, Michael Zigomanis) at 9:45
12. Flames , Jarome Iginla 9 (Roman Hamrlik) at 14:26 (PP)

Penalities :
Radek Martinek (ATL) for Slashing (Minor) at 0:45, Daymond Langkow (CGY) for Roughing (Minor) at 0:47, Andrew Ference (CGY) for Hooking (Minor) at 6:15, Justin Williams (ATL) for Hooking (Minor) at 9:46, Justin Williams (ATL) for Hooking (Minor) at 13:42, Dion Phaneuf (CGY) for Slashing (Minor) at 19:17

Overtime #1

No Goal

Penalities :
No Penalty

Shootout

Penalty Shot by Dany Heatley for Thrashers - Stopped by Miikka Kiprusoff
Penalty Shot by Jarome Iginla for Flames - Goal!
Penalty Shot by Marian Hossa for Thrashers - Stopped by Miikka Kiprusoff
Penalty Shot by Daymond Langkow for Flames - Goal!

Penalities :
No Penalty

Goalie Stats

Wade Dubielewicz (ATL), 19 saves from 21 shots - (0.905), OTL, 0-2-1, 35:33 minutes
Henrik Lundqvist (ATL), 12 saves from 16 shots - (0.750), 29:27 minutes
Miikka Kiprusoff (CGY), 30 saves from 36 shots - (0.833), W, 9-4-0, 65:00 minutes

Players Stats

Thrashers
Player Name              G  A  P  +/- PIM S  H  SB FO MP 
-----------------------------------------------------------
Alexei Yashin            0  1  1  -1  2   0  2  0  27 18 
Bill Thomas              0  0  0   0  0   0  0  0  0  2  
Brett Clark              0  0  0  -1  2   0  3  1  0  26 
Dan Boyle                0  2  2  -1  0   2  0  1  0  19 
Daniel Sedin             0  1  1  -1  0   3  1  0  2  19 
Dany Heatley             3  0  3   1  4   10 6  1  0  24 
Darryl Sydor             1  0  1   1  0   1  1  1  0  18 
Greg De Vries            0  0  0   2  0   1  0  4  0  19 
Henrik Sedin             1  1  2   1  0   4  2  0  21 15 
Jay Mcclement            0  0  0  -3  0   3  2  0  36 22 
Justin Williams          0  1  1   0  8   5  6  0  0  22 
Kyle Calder              0  2  2   2  0   2  1  0  1  16 
Marian Hossa             1  1  2  -1  0   4  2  0  2  22 
Mark Bell                0  0  0   0  0   0  0  0  0  9  
Michael Zigomanis        0  2  2   2  0   1  1  1  24 17 
Mike Komisarek           0  0  0  -1  0   0  5  2  0  16 
Mike Van Ryn             0  0  0  -1  0   0  0  0  0  17 
Radek Martinek           0  0  0  -1  2   0  1  0  0  21 
Flames
Player Name              G  A  P  +/- PIM S  H  SB FO MP 
-----------------------------------------------------------
Alex Tanguay             0  0  0  -2  2   4  2  0  15 22 
Andrew Ference           0  1  1   1  2   0  0  1  0  18 
Bill Guerin              1  0  1   1  2   3  2  1  5  16 
Brian Willsie            0  0  0   0  0   1  0  0  0  6  
Craig Conroy             1  0  1   0  0   2  2  0  17 16 
Daymond Langkow          1  1  2  -1  2   6  5  0  25 23 
Dion Phaneuf             0  0  0  -1  6   0  3  1  0  25 
Jarome Iginla            3  1  4   0  0   5  1  0  27 24 
Jaroslav Modry           0  1  1   2  0   1  1  2  0  25 
Jeff Friesen             0  0  0   0  0   1  0  0  0  5  
Jussi Jokinen            0  0  0   0  0   3  3  0  2  14 
Kristian Huselius        0  2  2   2  0   2  4  0  2  25 
Matthew Lombardi         0  0  0   0  2   1  1  0  11 14 
Rhett Warrener           0  1  1   0  0   0  0  1  0  14 
Robyn Regehr             0  0  0   2  0   0  1  3  0  26 
Roman Hamrlik            0  2  2  -2  2   2  0  0  0  26 
Stephane Yelle           0  0  0   0  0   3  0  0  9  5  
Tony Amonte              0  1  1   0  4   3  0  0  0  14 

3 Stars

1 - Dany Heatley (ATL)
2 - Jarome Iginla (CGY)
3 - Henrik Sedin (ATL)

Power Play

Thrashers - 3 on 9 Attempt(s) - 33.33%
Flames - 2 on 7 Attempt(s) - 28.57%

Penalty Kill

Thrashers - 5 on 7 Attempt(s) - 71.43% - Score 0 goal in Penalty Kill
Flames - 6 on 9 Attempt(s) - 66.67% - Score 0 goal in Penalty Kill

Game Notes

Wade Dubielewicz enters game at 9:27 of 2nd period
Dany Heatley has scored a Hat Trick!
Jarome Iginla has scored a Hat Trick!

Finance

Level 1 -- Attendance: 5761 (88.64%) -- Ticket Income $489,685.00
Level 2 -- Attendance: 4555 (82.81%) -- Ticket Income $227,750.00
Level 3 -- Attendance: 2785 (100.00%) -- Ticket Income $83,550.00
Level 4 -- Attendance: 3615 (90.37%) -- Ticket Income $65,070.00
Luxury Box -- Attendance: 1216 (97.25%) -- Ticket Income $158,080.00
Game was played at the Pengrowth Saddledome
Total Attendance: 17932 (89.50%)
Total Ticket Income: $1,034,909.00
Other Income: $172,039.50
Total Income: $1,206,949.00


Play by Play

Period #1

0:01 of 1st period - Henrik Sedin wins face-off versus Daymond Langkow in neutral zone.
0:03 of 1st period - Dan Boyle is hit by Daymond Langkow and loses puck.
0:22 of 1st period - Shot by Daymond Langkow.
0:22 of 1st period - Shot Hit the Post.
0:24 of 1st period - Shot by Roman Hamrlik.
0:24 of 1st period - Shot Blocked by Dany Heatley.
0:28 of 1st period - Shot by Jarome Iginla.
0:28 of 1st period - Deflect By Daymond Langkow.
0:28 of 1st period - Stopped by Henrik Lundqvist without a rebound.
0:29 of 1st period - Matthew Lombardi wins face-off versus Jay Mcclement in Thrashers zone.
0:29 of 1st period - Bill Guerin is hit by Mike Komisarek and loses puck.
0:50 of 1st period - Shot by Bill Guerin.
0:50 of 1st period - Deflect By Kristian Huselius.
0:50 of 1st period - Shot Misses the Net.
1:31 of 1st period - Icing by Greg De Vries.
1:32 of 1st period - Daymond Langkow wins face-off versus Michael Zigomanis in Thrashers zone.
1:45 of 1st period - Shot by Roman Hamrlik.
1:45 of 1st period - Stopped by Henrik Lundqvist with a rebound.
1:49 of 1st period - Shot by Jarome Iginla.
1:49 of 1st period - Shot Blocked by Greg De Vries.
1:51 of 1st period - Shot by Alex Tanguay.
1:51 of 1st period - Stopped by Henrik Lundqvist without a rebound.
1:52 of 1st period - Craig Conroy wins face-off versus Alexei Yashin in Thrashers zone.
2:25 of 1st period - Shot by Justin Williams.
2:25 of 1st period - Deflect By Alexei Yashin.
2:25 of 1st period - Shot Misses the Net.
2:29 of 1st period - Shot by Justin Williams.
2:29 of 1st period - Shot Misses the Net.
2:33 of 1st period - Shot by Mark Bell.
2:33 of 1st period - Shot Misses the Net.
3:12 of 1st period - Minor Penalty to Dion Phaneuf for Hooking.
3:13 of 1st period - Alex Tanguay wins face-off versus Daniel Sedin in Flames zone.
3:13 of 1st period - Kristian Huselius is hit by Henrik Sedin and loses puck.
3:36 of 1st period - Shot by Dan Boyle.
3:36 of 1st period - Stopped by Miikka Kiprusoff without a rebound.
3:37 of 1st period - Jarome Iginla wins face-off versus Alexei Yashin in Flames zone.
3:58 of 1st period - Shot by Dany Heatley.
3:58 of 1st period - Stopped by Miikka Kiprusoff with a rebound.
4:02 of 1st period - Shot by Dany Heatley.
4:02 of 1st period - Goal by Dany Heatley - Thrashers : 1 - Flames : 0.
4:03 of 1st period - Stephane Yelle wins face-off versus Jay Mcclement in neutral zone.
4:34 of 1st period - Shot by Jeff Friesen.
4:34 of 1st period - Stopped by Henrik Lundqvist without a rebound.
4:35 of 1st period - Jussi Jokinen wins face-off versus Michael Zigomanis in Thrashers zone.
4:35 of 1st period - Jussi Jokinen is hit by Dany Heatley.
4:50 of 1st period - Shot by Dany Heatley.
4:50 of 1st period - Shot Hit the Post.
5:14 of 1st period - Shot by Dany Heatley.
5:14 of 1st period - Shot Misses the Net.
5:18 of 1st period - Shot by Michael Zigomanis.
5:18 of 1st period - Stopped by Miikka Kiprusoff without a rebound.
5:19 of 1st period - Alexei Yashin wins face-off versus Bill Guerin in Flames zone.
5:23 of 1st period - Minor Penalty to Matthew Lombardi for Hooking.
5:23 of 1st period - Minor Penalty to Alexei Yashin for Tripping.
5:24 of 1st period - Alex Tanguay wins face-off versus Henrik Sedin in Flames zone.
5:26 of 1st period - Minor Penalty to Justin Williams for High sticking.
5:27 of 1st period - Henrik Sedin wins face-off versus Alex Tanguay in neutral zone.
6:35 of 1st period - Shot by Daymond Langkow.
6:35 of 1st period - Goal by Daymond Langkow - Thrashers : 1 - Flames : 1.
6:36 of 1st period - Jarome Iginla wins face-off versus Jay Mcclement in neutral zone.
6:52 of 1st period - Jarome Iginla is hit by Jay Mcclement and loses puck.
7:12 of 1st period - Shot by Dany Heatley.
7:12 of 1st period - Stopped by Miikka Kiprusoff with a rebound.
7:39 of 1st period - Mike Van Ryn is hit by Craig Conroy and loses puck.
7:54 of 1st period - Shot by Daniel Sedin.
7:54 of 1st period - Shot Misses the Net.
7:56 of 1st period - Shot by Mike Van Ryn.
7:56 of 1st period - Shot Misses the Net.
7:58 of 1st period - Shot by Jay Mcclement.
7:58 of 1st period - Shot Blocked by Rhett Warrener.
8:02 of 1st period - Shot by Marian Hossa.
8:02 of 1st period - Deflect By Jay Mcclement.
8:02 of 1st period - Shot Blocked by Andrew Ference.
8:47 of 1st period - Bill Guerin is hit by Justin Williams and loses puck.
9:42 of 1st period - Shot by Dany Heatley.
9:42 of 1st period - Stopped by Miikka Kiprusoff without a rebound.
9:43 of 1st period - Stephane Yelle wins face-off versus Marian Hossa in Flames zone.
10:17 of 1st period - Shot by Daniel Sedin.
10:17 of 1st period - Stopped by Miikka Kiprusoff without a rebound.
10:17 of 1st period - Minor Penalty to Dion Phaneuf for Hooking.
10:18 of 1st period - Jarome Iginla wins face-off versus Henrik Sedin in Flames zone.
10:35 of 1st period - Shot by Dan Boyle.
10:35 of 1st period - Deflect By Daniel Sedin.
10:35 of 1st period - Shot Misses the Net.
10:49 of 1st period - Shot by Marian Hossa.
10:49 of 1st period - Stopped by Miikka Kiprusoff without a rebound.
10:50 of 1st period - Alexei Yashin wins face-off versus Alex Tanguay in Flames zone.
11:19 of 1st period - Shot by Justin Williams.
11:19 of 1st period - Stopped by Miikka Kiprusoff without a rebound.
11:20 of 1st period - Jarome Iginla wins face-off versus Henrik Sedin in Flames zone.
11:49 of 1st period - Shot by Daniel Sedin.
11:49 of 1st period - Shot Misses the Net.
12:09 of 1st period - Shot by Dany Heatley.
12:09 of 1st period - Shot Misses the Net.
12:13 of 1st period - Shot by Dany Heatley.
12:13 of 1st period - Stopped by Miikka Kiprusoff without a rebound.
12:14 of 1st period - Alexei Yashin wins face-off versus Jarome Iginla in Flames zone.
12:36 of 1st period - Minor Penalty to Tony Amonte for Tripping.
12:37 of 1st period - Alexei Yashin wins face-off versus Daymond Langkow in Thrashers zone.
12:37 of 1st period - Alexei Yashin is hit by Jarome Iginla.
13:02 of 1st period - Icing by Radek Martinek.
13:03 of 1st period - Alex Tanguay wins face-off versus Alexei Yashin in Thrashers zone.
14:12 of 1st period - Shot by Justin Williams.
14:12 of 1st period - Stopped by Miikka Kiprusoff without a rebound.
14:13 of 1st period - Alex Tanguay wins face-off versus Alexei Yashin in Flames zone.
14:50 of 1st period - Icing by Greg De Vries.
14:51 of 1st period - Michael Zigomanis wins face-off versus Stephane Yelle in Thrashers zone.
15:16 of 1st period - Shot by Jeff Friesen.
15:16 of 1st period - Shot Blocked by Greg De Vries.
15:20 of 1st period - Shot by Stephane Yelle.
15:20 of 1st period - Shot Misses the Net.
15:22 of 1st period - Shot by Brian Willsie.
15:22 of 1st period - Stopped by Henrik Lundqvist with a rebound.
15:24 of 1st period - Shot by Stephane Yelle.
15:24 of 1st period - Stopped by Henrik Lundqvist without a rebound.
15:25 of 1st period - Henrik Sedin wins face-off versus Craig Conroy in Thrashers zone.
15:25 of 1st period - Dany Heatley is hit by Jussi Jokinen and loses puck.
15:27 of 1st period - Dany Heatley is hit by Craig Conroy.
15:28 of 1st period - Minor Penalty to Tony Amonte for Hooking.
15:29 of 1st period - Henrik Sedin wins face-off versus Kristian Huselius in Thrashers zone.
15:54 of 1st period - Shot by Dan Boyle.
15:54 of 1st period - Shot Misses the Net.
15:56 of 1st period - Shot by Dan Boyle.
15:56 of 1st period - Shot Blocked by Jaroslav Modry.
15:58 of 1st period - Shot by Henrik Sedin.
15:58 of 1st period - Stopped by Miikka Kiprusoff without a rebound.
15:59 of 1st period - Alexei Yashin wins face-off versus Daymond Langkow in Flames zone.
17:02 of 1st period - Dan Boyle is hit by Dion Phaneuf and loses puck.
17:33 of 1st period - Shot by Jussi Jokinen.
17:33 of 1st period - Shot Blocked by Darryl Sydor.
17:37 of 1st period - Shot by Jussi Jokinen.
17:37 of 1st period - Stopped by Henrik Lundqvist without a rebound.
17:38 of 1st period - Michael Zigomanis wins face-off versus Bill Guerin in Thrashers zone.
17:38 of 1st period - Michael Zigomanis is hit by Matthew Lombardi.
17:52 of 1st period - Shot by Matthew Lombardi.
17:52 of 1st period - Stopped by Henrik Lundqvist without a rebound.
17:53 of 1st period - Craig Conroy wins face-off versus Michael Zigomanis in Thrashers zone.
18:59 of 1st period - Shot by Matthew Lombardi.
18:59 of 1st period - Shot Misses the Net.
19:07 of 1st period - Shot by Bill Guerin.
19:07 of 1st period - Shot Blocked by Brett Clark.
19:12 of 1st period - Kristian Huselius is hit by Justin Williams and loses puck.
19:16 of 1st period - Minor Penalty to Justin Williams for Holding.
19:17 of 1st period - Jay Mcclement wins face-off versus Daymond Langkow in Thrashers zone.
19:17 of 1st period - Jay Mcclement is hit by Daymond Langkow.
19:35 of 1st period - Shot by Alex Tanguay.
19:35 of 1st period - Shot Misses the Net.
19:39 of 1st period - Shot by Roman Hamrlik.
19:39 of 1st period - Shot Blocked by Mike Komisarek.

Period #2

0:01 of 2nd period - Daymond Langkow wins face-off versus Jay Mcclement in neutral zone.
0:01 of 2nd period - Daymond Langkow is hit by Jay Mcclement.
0:16 of 2nd period - Minor Penalty to Alex Tanguay for Interference.
0:17 of 2nd period - Jarome Iginla wins face-off versus Jay Mcclement in Thrashers zone.
0:26 of 2nd period - Shot by Jarome Iginla.
0:26 of 2nd period - Shot Misses the Net.
0:28 of 2nd period - Shot by Jarome Iginla.
0:28 of 2nd period - Deflect By Kristian Huselius.
0:28 of 2nd period - Shot Misses the Net.
0:30 of 2nd period - Shot by Jaroslav Modry.
0:30 of 2nd period - Shot Misses the Net.
0:32 of 2nd period - Shot by Kristian Huselius.
0:32 of 2nd period - Shot Misses the Net.
0:34 of 2nd period - Shot by Jarome Iginla.
0:34 of 2nd period - The goal is going for a video replay.
0:34 of 2nd period - The goal is good.
0:34 of 2nd period - Goal by Jarome Iginla - Thrashers : 1 - Flames : 2.
0:35 of 2nd period - Jarome Iginla wins face-off versus Alexei Yashin in neutral zone.
0:51 of 2nd period - Jarome Iginla is hit by Radek Martinek and loses puck.
0:59 of 2nd period - Jarome Iginla is hit by Darryl Sydor and loses puck.
1:06 of 2nd period - Shot by Jarome Iginla.
1:06 of 2nd period - Stopped by Henrik Lundqvist without a rebound.
1:07 of 2nd period - Bill Guerin wins face-off versus Jay Mcclement in Thrashers zone.
1:14 of 2nd period - Shot by Bill Guerin.
1:14 of 2nd period - Goal by Bill Guerin - Thrashers : 1 - Flames : 3.
1:15 of 2nd period - Daymond Langkow wins face-off versus Jay Mcclement in neutral zone.
1:23 of 2nd period - Henrik Sedin is hit by Robyn Regehr and loses puck.
1:50 of 2nd period - Shot by Dan Boyle.
1:50 of 2nd period - Shot Blocked by Robyn Regehr.
1:54 of 2nd period - Shot by Daniel Sedin.
1:54 of 2nd period - Deflect By Henrik Sedin.
1:54 of 2nd period - Stopped by Miikka Kiprusoff with a rebound.
1:56 of 2nd period - Shot by Henrik Sedin.
1:56 of 2nd period - Goal by Henrik Sedin - Thrashers : 2 - Flames : 3.
1:57 of 2nd period - Michael Zigomanis wins face-off versus Jussi Jokinen in neutral zone.
2:09 of 2nd period - Shot by Kyle Calder.
2:09 of 2nd period - Stopped by Miikka Kiprusoff with a rebound.
2:11 of 2nd period - Shot by Darryl Sydor.
2:11 of 2nd period - Goal by Darryl Sydor - Thrashers : 3 - Flames : 3.
2:12 of 2nd period - Alexei Yashin wins face-off versus Stephane Yelle in neutral zone.
2:28 of 2nd period - Shot by Stephane Yelle.
2:28 of 2nd period - Stopped by Henrik Lundqvist without a rebound.
2:29 of 2nd period - Craig Conroy wins face-off versus Michael Zigomanis in Thrashers zone.
3:08 of 2nd period - Shot by Tony Amonte.
3:08 of 2nd period - Stopped by Henrik Lundqvist without a rebound.
3:09 of 2nd period - Daymond Langkow wins face-off versus Jay Mcclement in Thrashers zone.
4:03 of 2nd period - Minor Penalty to Bill Guerin for High sticking.
4:04 of 2nd period - Alexei Yashin wins face-off versus Alex Tanguay in neutral zone.
5:19 of 2nd period - Dion Phaneuf is hit by Marian Hossa and loses puck.
5:49 of 2nd period - Shot by Dany Heatley.
5:49 of 2nd period - Stopped by Miikka Kiprusoff without a rebound.
5:50 of 2nd period - Henrik Sedin wins face-off versus Alex Tanguay in Flames zone.
6:24 of 2nd period - Off-side.
6:25 of 2nd period - Jay Mcclement wins face-off versus Stephane Yelle in neutral zone.
6:27 of 2nd period - Marian Hossa is hit by Dion Phaneuf and loses puck.
6:35 of 2nd period - Off-side.
6:36 of 2nd period - Alexei Yashin wins face-off versus Craig Conroy in neutral zone.
6:45 of 2nd period - Shot by Alexei Yashin.
6:45 of 2nd period - Deflect By Justin Williams.
6:45 of 2nd period - Stopped by Miikka Kiprusoff without a rebound.
6:46 of 2nd period - Jay Mcclement wins face-off versus Matthew Lombardi in Flames zone.
6:54 of 2nd period - Bill Guerin is hit by Mike Komisarek and loses puck.
7:37 of 2nd period - Marian Hossa is hit by Kristian Huselius and loses puck.
7:45 of 2nd period - Icing by Mike Van Ryn.
7:46 of 2nd period - Jay Mcclement wins face-off versus Daymond Langkow in Thrashers zone.
8:18 of 2nd period - Icing by Dion Phaneuf.
8:19 of 2nd period - Daymond Langkow wins face-off versus Michael Zigomanis in Flames zone.
8:27 of 2nd period - Jarome Iginla is hit by Michael Zigomanis and loses puck.
8:35 of 2nd period - Minor Penalty to Roman Hamrlik for Tripping.
8:35 of 2nd period - Minor Penalty to Dany Heatley for Hooking.
8:36 of 2nd period - Alexei Yashin wins face-off versus Alex Tanguay in Thrashers zone.
8:42 of 2nd period - Icing by Darryl Sydor.
8:43 of 2nd period - Jarome Iginla wins face-off versus Alexei Yashin in Thrashers zone.
8:44 of 2nd period - Shot by Daymond Langkow.
8:44 of 2nd period - Stopped by Henrik Lundqvist without a rebound.
8:45 of 2nd period - Jay Mcclement wins face-off versus Alex Tanguay in Thrashers zone.
9:10 of 2nd period - Jay Mcclement is hit by Jaroslav Modry and loses puck.
9:15 of 2nd period - Shot by Jay Mcclement.
9:15 of 2nd period - Shot Misses the Net.
9:19 of 2nd period - Shot by Henrik Sedin.
9:19 of 2nd period - Stopped by Miikka Kiprusoff without a rebound.
9:20 of 2nd period - Jarome Iginla wins face-off versus Alexei Yashin in Flames zone.
9:27 of 2nd period - Shot by Jarome Iginla.
9:27 of 2nd period - Goal by Jarome Iginla - Thrashers : 3 - Flames : 4.
9:27 of 2nd period - Wade Dubielewicz enters game.
9:28 of 2nd period - Alexei Yashin wins face-off versus Jarome Iginla in neutral zone.
10:00 of 2nd period - Shot by Jarome Iginla.
10:00 of 2nd period - Shot Misses the Net.
10:17 of 2nd period - Icing by Daymond Langkow.
10:18 of 2nd period - Jarome Iginla wins face-off versus Jay Mcclement in Flames zone.
10:20 of 2nd period - Icing by Dion Phaneuf.
10:21 of 2nd period - Jay Mcclement wins face-off versus Jarome Iginla in Flames zone.
11:14 of 2nd period - Minor Penalty to Dany Heatley for Interference.
11:15 of 2nd period - Marian Hossa wins face-off versus Daymond Langkow in Thrashers zone.
11:21 of 2nd period - Icing by Alex Tanguay.
11:22 of 2nd period - Jay Mcclement wins face-off versus Daymond Langkow in Flames zone.
12:34 of 2nd period - Alex Tanguay is hit by Mike Komisarek and loses puck.
12:41 of 2nd period - Shot by Alex Tanguay.
12:41 of 2nd period - Stopped by Wade Dubielewicz without a rebound.
12:42 of 2nd period - Jay Mcclement wins face-off versus Daymond Langkow in Thrashers zone.
13:02 of 2nd period - Daymond Langkow is hit by Brett Clark and loses puck.
13:20 of 2nd period - Shot by Craig Conroy.
13:20 of 2nd period - Stopped by Wade Dubielewicz without a rebound.
13:21 of 2nd period - Henrik Sedin wins face-off versus Craig Conroy in Thrashers zone.
13:26 of 2nd period - Rhett Warrener is hit by Justin Williams and loses puck.
13:46 of 2nd period - Dany Heatley is hit by Jussi Jokinen and loses puck.
14:23 of 2nd period - Icing by Justin Williams.
14:24 of 2nd period - Henrik Sedin wins face-off versus Matthew Lombardi in Thrashers zone.
15:06 of 2nd period - Matthew Lombardi is hit by Mike Komisarek and loses puck.
15:23 of 2nd period - Shot by Brian Willsie.
15:23 of 2nd period - Shot Misses the Net.
15:25 of 2nd period - Shot by Stephane Yelle.
15:25 of 2nd period - Shot Misses the Net.
15:27 of 2nd period - Shot by Stephane Yelle.
15:27 of 2nd period - Stopped by Wade Dubielewicz without a rebound.
15:28 of 2nd period - Jarome Iginla wins face-off versus Michael Zigomanis in Thrashers zone.
15:32 of 2nd period - Icing by Greg De Vries.
15:33 of 2nd period - Michael Zigomanis wins face-off versus Daymond Langkow in Thrashers zone.
15:55 of 2nd period - Shot by Jarome Iginla.
15:55 of 2nd period - Deflect By Daymond Langkow.
15:55 of 2nd period - Stopped by Wade Dubielewicz without a rebound.
15:56 of 2nd period - Craig Conroy wins face-off versus Alexei Yashin in Thrashers zone.
16:11 of 2nd period - Shot by Tony Amonte.
16:11 of 2nd period - Stopped by Wade Dubielewicz without a rebound.
16:12 of 2nd period - Jay Mcclement wins face-off versus Matthew Lombardi in Thrashers zone.
16:12 of 2nd period - Jay Mcclement is hit by Kristian Huselius.
16:28 of 2nd period - Icing by Mike Van Ryn.
16:29 of 2nd period - Craig Conroy wins face-off versus Jay Mcclement in Thrashers zone.
17:01 of 2nd period - Tony Amonte is hit by Justin Williams and loses puck.
17:05 of 2nd period - Icing by Brett Clark.
17:06 of 2nd period - Alexei Yashin wins face-off versus Jarome Iginla in Thrashers zone.
17:10 of 2nd period - Minor Penalty to Brett Clark for Holding.
17:11 of 2nd period - Matthew Lombardi wins face-off versus Michael Zigomanis in Thrashers zone.
17:12 of 2nd period - Shot by Kristian Huselius.
17:12 of 2nd period - Deflect By Bill Guerin.
17:12 of 2nd period - Stopped by Wade Dubielewicz without a rebound.
17:13 of 2nd period - Michael Zigomanis wins face-off versus Daymond Langkow in Thrashers zone.
17:21 of 2nd period - Icing by Jarome Iginla.
17:22 of 2nd period - Michael Zigomanis wins face-off versus Daymond Langkow in Flames zone.
17:38 of 2nd period - Jarome Iginla is hit by Kyle Calder and loses puck.
17:49 of 2nd period - Shot by Roman Hamrlik.
17:49 of 2nd period - Shot Blocked by Greg De Vries.
17:51 of 2nd period - Shot by Daymond Langkow.
17:51 of 2nd period - Shot Blocked by Dan Boyle.
17:53 of 2nd period - Shot by Alex Tanguay.
17:53 of 2nd period - Shot Misses the Net.
17:57 of 2nd period - Shot by Jarome Iginla.
17:57 of 2nd period - Shot Blocked by Michael Zigomanis.
19:21 of 2nd period - Tony Amonte is hit by Henrik Sedin and loses puck.
19:35 of 2nd period - Icing by Justin Williams.
19:36 of 2nd period - Stephane Yelle wins face-off versus Henrik Sedin in Thrashers zone.
19:51 of 2nd period - Shot by Justin Williams.
19:51 of 2nd period - Stopped by Miikka Kiprusoff without a rebound.
19:52 of 2nd period - Jay Mcclement wins face-off versus Craig Conroy in Flames zone.

Period #3

0:01 of 3rd period - Daymond Langkow wins face-off versus Henrik Sedin in neutral zone.
0:08 of 3rd period - Daymond Langkow is hit by Brett Clark and loses puck.
0:19 of 3rd period - Shot by Dany Heatley.
0:19 of 3rd period - Goal by Dany Heatley - Thrashers : 4 - Flames : 4.
0:20 of 3rd period - Jay Mcclement wins face-off versus Matthew Lombardi in neutral zone.
0:37 of 3rd period - Shot by Bill Guerin.
0:37 of 3rd period - Shot Misses the Net.
0:39 of 3rd period - Shot by Kristian Huselius.
0:39 of 3rd period - Stopped by Wade Dubielewicz without a rebound.
0:40 of 3rd period - Craig Conroy wins face-off versus Michael Zigomanis in Thrashers zone.
0:43 of 3rd period - Shot by Jussi Jokinen.
0:43 of 3rd period - Stopped by Wade Dubielewicz without a rebound.
0:44 of 3rd period - Daymond Langkow wins face-off versus Alexei Yashin in Thrashers zone.
0:44 of 3rd period - Jarome Iginla is hit by Justin Williams and loses puck.
0:45 of 3rd period - Minor Penalty to Radek Martinek for Slashing.
0:46 of 3rd period - Michael Zigomanis wins face-off versus Daymond Langkow in Thrashers zone.
0:46 of 3rd period - Michael Zigomanis is hit by Daymond Langkow.
0:47 of 3rd period - Minor Penalty to Daymond Langkow for Roughing.
0:48 of 3rd period - Jay Mcclement wins face-off versus Jarome Iginla in Thrashers zone.
1:11 of 3rd period - Jarome Iginla is hit by Dany Heatley and loses puck.
1:28 of 3rd period - Shot by Alex Tanguay.
1:28 of 3rd period - Deflect By Jarome Iginla.
1:28 of 3rd period - Stopped by Wade Dubielewicz without a rebound.
1:29 of 3rd period - Alexei Yashin wins face-off versus Alex Tanguay in Thrashers zone.
1:29 of 3rd period - Alexei Yashin is hit by Kristian Huselius.
1:40 of 3rd period - Shot by Justin Williams.
1:40 of 3rd period - Shot Blocked by Robyn Regehr.
1:42 of 3rd period - Shot by Greg De Vries.
1:42 of 3rd period - Shot Misses the Net.
1:44 of 3rd period - Shot by Alexei Yashin.
1:44 of 3rd period - Shot Blocked by Robyn Regehr.
2:06 of 3rd period - Shot by Alex Tanguay.
2:06 of 3rd period - Stopped by Wade Dubielewicz without a rebound.
2:07 of 3rd period - Jay Mcclement wins face-off versus Jarome Iginla in Thrashers zone.
2:15 of 3rd period - Icing by Dion Phaneuf.
2:16 of 3rd period - Jay Mcclement wins face-off versus Jarome Iginla in Flames zone.
2:19 of 3rd period - Shot by Dany Heatley.
2:19 of 3rd period - Stopped by Miikka Kiprusoff without a rebound.
2:20 of 3rd period - Jarome Iginla wins face-off versus Alexei Yashin in Flames zone.
2:20 of 3rd period - Jarome Iginla is hit by Alexei Yashin.
2:28 of 3rd period - Shot by Kristian Huselius.
2:28 of 3rd period - Shot Misses the Net.
2:34 of 3rd period - Shot by Justin Williams.
2:34 of 3rd period - Shot Misses the Net.
2:38 of 3rd period - Shot by Darryl Sydor.
2:38 of 3rd period - Shot Misses the Net.
2:42 of 3rd period - Shot by Alexei Yashin.
2:42 of 3rd period - Deflect By Justin Williams.
2:42 of 3rd period - Shot Misses the Net.
2:46 of 3rd period - Shot by Daniel Sedin.
2:46 of 3rd period - Stopped by Miikka Kiprusoff without a rebound.
2:47 of 3rd period - Craig Conroy wins face-off versus Jay Mcclement in Flames zone.
2:47 of 3rd period - Craig Conroy is hit by Marian Hossa.
3:09 of 3rd period - Shot by Tony Amonte.
3:09 of 3rd period - Shot Misses the Net.
3:13 of 3rd period - Shot by Craig Conroy.
3:13 of 3rd period - Goal by Craig Conroy - Thrashers : 4 - Flames : 5.
3:14 of 3rd period - Matthew Lombardi wins face-off versus Michael Zigomanis in neutral zone.
3:29 of 3rd period - Shot by Dany Heatley.
3:29 of 3rd period - Shot Misses the Net.
3:33 of 3rd period - Shot by Kyle Calder.
3:33 of 3rd period - Stopped by Miikka Kiprusoff with a rebound.
3:35 of 3rd period - Shot by Greg De Vries.
3:35 of 3rd period - Stopped by Miikka Kiprusoff without a rebound.
3:36 of 3rd period - Stephane Yelle wins face-off versus Alexei Yashin in Flames zone.
3:36 of 3rd period - Stephane Yelle is hit by Alexei Yashin.
4:36 of 3rd period - Shot by Daniel Sedin.
4:36 of 3rd period - Shot Misses the Net.
4:54 of 3rd period - Shot by Marian Hossa.
4:54 of 3rd period - Shot Blocked by Dion Phaneuf.
4:56 of 3rd period - Shot by Jay Mcclement.
4:56 of 3rd period - Stopped by Miikka Kiprusoff without a rebound.
4:57 of 3rd period - Michael Zigomanis wins face-off versus Matthew Lombardi in Flames zone.
4:57 of 3rd period - Michael Zigomanis is hit by Bill Guerin.
5:12 of 3rd period - Bill Guerin is hit by Dany Heatley and loses puck.
5:35 of 3rd period - Dany Heatley is hit by Kristian Huselius and loses puck.
6:10 of 3rd period - Shot by Alexei Yashin.
6:10 of 3rd period - Shot Misses the Net.
6:12 of 3rd period - Shot by Justin Williams.
6:12 of 3rd period - Stopped by Miikka Kiprusoff without a rebound.
6:13 of 3rd period - Jay Mcclement wins face-off versus Craig Conroy in Flames zone.
6:14 of 3rd period - Shot by Daniel Sedin.
6:14 of 3rd period - Stopped by Miikka Kiprusoff without a rebound.
6:15 of 3rd period - Jay Mcclement wins face-off versus Craig Conroy in Flames zone.
6:15 of 3rd period - Minor Penalty to Andrew Ference for Hooking.
6:16 of 3rd period - Henrik Sedin wins face-off versus Jarome Iginla in Flames zone.
6:29 of 3rd period - Shot by Dan Boyle.
6:29 of 3rd period - Stopped by Miikka Kiprusoff without a rebound.
6:30 of 3rd period - Alexei Yashin wins face-off versus Jarome Iginla in Flames zone.
7:04 of 3rd period - Icing by Alexei Yashin.
7:05 of 3rd period - Alexei Yashin wins face-off versus Jarome Iginla in Thrashers zone.
7:05 of 3rd period - Alexei Yashin is hit by Daymond Langkow.
7:11 of 3rd period - Roman Hamrlik is hit by Justin Williams and loses puck.
7:45 of 3rd period - Shot by Dan Boyle.
7:45 of 3rd period - Shot Misses the Net.
7:47 of 3rd period - Shot by Marian Hossa.
7:47 of 3rd period - Goal by Marian Hossa - Thrashers : 5 - Flames : 5.
7:48 of 3rd period - Michael Zigomanis wins face-off versus Craig Conroy in neutral zone.
7:52 of 3rd period - Off-side.
7:53 of 3rd period - Daniel Sedin wins face-off versus Craig Conroy in neutral zone.
8:51 of 3rd period - Off-side.
8:52 of 3rd period - Matthew Lombardi wins face-off versus Alexei Yashin in neutral zone.
9:29 of 3rd period - Off-side.
9:30 of 3rd period - Michael Zigomanis wins face-off versus Daymond Langkow in neutral zone.
9:45 of 3rd period - Shot by Dany Heatley.
9:45 of 3rd period - Goal by Dany Heatley - Thrashers : 6 - Flames : 5.
9:46 of 3rd period - Stephane Yelle wins face-off versus Henrik Sedin in neutral zone.
9:46 of 3rd period - Minor Penalty to Justin Williams for Hooking.
9:47 of 3rd period - Michael Zigomanis wins face-off versus Daymond Langkow in neutral zone.
11:06 of 3rd period - Shot by Bill Guerin.
11:06 of 3rd period - Stopped by Wade Dubielewicz without a rebound.
11:07 of 3rd period - Jay Mcclement wins face-off versus Daymond Langkow in Thrashers zone.
11:07 of 3rd period - Jay Mcclement is hit by Alex Tanguay.
11:28 of 3rd period - Off-side.
11:29 of 3rd period - Matthew Lombardi wins face-off versus Jay Mcclement in neutral zone.
11:38 of 3rd period - Shot by Kristian Huselius.
11:38 of 3rd period - Shot Blocked by Mike Komisarek.
11:49 of 3rd period - Tony Amonte is hit by Brett Clark and loses puck.
11:56 of 3rd period - Shot by Tony Amonte.
11:56 of 3rd period - Stopped by Wade Dubielewicz without a rebound.
11:57 of 3rd period - Craig Conroy wins face-off versus Kyle Calder in Thrashers zone.
12:51 of 3rd period - Off-side.
12:52 of 3rd period - Bill Guerin wins face-off versus Jay Mcclement in neutral zone.
13:10 of 3rd period - Daniel Sedin is hit by Bill Guerin and loses puck.
13:31 of 3rd period - Shot by Daniel Sedin.
13:31 of 3rd period - Shot Blocked by Bill Guerin.
13:35 of 3rd period - Shot by Daniel Sedin.
13:35 of 3rd period - Shot Misses the Net.
13:42 of 3rd period - Minor Penalty to Justin Williams for Hooking.
13:43 of 3rd period - Michael Zigomanis wins face-off versus Daymond Langkow in Flames zone.
14:06 of 3rd period - Shot by Alex Tanguay.
14:06 of 3rd period - Shot Misses the Net.
14:08 of 3rd period - Shot by Roman Hamrlik.
14:08 of 3rd period - Stopped by Wade Dubielewicz with a rebound.
14:10 of 3rd period - Shot by Daymond Langkow.
14:10 of 3rd period - Shot Misses the Net.
14:26 of 3rd period - Shot by Jarome Iginla.
14:26 of 3rd period - Goal by Jarome Iginla - Thrashers : 6 - Flames : 6.
14:27 of 3rd period - Craig Conroy wins face-off versus Henrik Sedin in neutral zone.
15:02 of 3rd period - Jussi Jokinen is hit by Dany Heatley and loses puck.
15:10 of 3rd period - Brett Clark is hit by Jussi Jokinen and loses puck.
15:18 of 3rd period - Icing by Justin Williams.
15:19 of 3rd period - Kristian Huselius wins face-off versus Henrik Sedin in Thrashers zone.
15:52 of 3rd period - Shot by Marian Hossa.
15:52 of 3rd period - Stopped by Miikka Kiprusoff without a rebound.
15:53 of 3rd period - Daymond Langkow wins face-off versus Michael Zigomanis in Flames zone.
16:03 of 3rd period - Icing by Roman Hamrlik.
16:04 of 3rd period - Alex Tanguay wins face-off versus Jay Mcclement in Flames zone.
16:12 of 3rd period - Daymond Langkow is hit by Mike Komisarek and loses puck.
16:39 of 3rd period - Dion Phaneuf is hit by Daniel Sedin and loses puck.
16:49 of 3rd period - Icing by Roman Hamrlik.
16:50 of 3rd period - Jarome Iginla wins face-off versus Michael Zigomanis in Flames zone.
17:02 of 3rd period - Icing by Greg De Vries.
17:03 of 3rd period - Matthew Lombardi wins face-off versus Michael Zigomanis in Thrashers zone.
17:31 of 3rd period - Shot by Bill Guerin.
17:31 of 3rd period - Shot Blocked by Greg De Vries.
18:43 of 3rd period - Shot by Jussi Jokinen.
18:43 of 3rd period - Stopped by Wade Dubielewicz without a rebound.
18:44 of 3rd period - Jay Mcclement wins face-off versus Daymond Langkow in Thrashers zone.
18:44 of 3rd period - Jay Mcclement is hit by Alex Tanguay.
18:52 of 3rd period - Shot by Daniel Sedin.
18:52 of 3rd period - Shot Misses the Net.
18:54 of 3rd period - Shot by Marian Hossa.
18:54 of 3rd period - Deflect By Jay Mcclement.
18:54 of 3rd period - Stopped by Miikka Kiprusoff without a rebound.
18:55 of 3rd period - Jay Mcclement wins face-off versus Stephane Yelle in Flames zone.
18:55 of 3rd period - Marian Hossa is hit by Dion Phaneuf and loses puck.
19:17 of 3rd period - Minor Penalty to Dion Phaneuf for Slashing.
19:18 of 3rd period - Henrik Sedin wins face-off versus Alex Tanguay in Flames zone.
19:19 of 3rd period - Shot by Marian Hossa.
19:19 of 3rd period - Shot Misses the Net.
19:23 of 3rd period - Shot by Henrik Sedin.
19:23 of 3rd period - Deflect By Marian Hossa.
19:23 of 3rd period - Stopped by Miikka Kiprusoff without a rebound.
19:24 of 3rd period - Alex Tanguay wins face-off versus Henrik Sedin in Flames zone.
19:40 of 3rd period - Icing by Brett Clark.
19:41 of 3rd period - Jarome Iginla wins face-off versus Henrik Sedin in Thrashers zone.

Overtime #1

0:01 of 1st overtime period - Jay Mcclement wins face-off versus Jarome Iginla in neutral zone.
0:28 of 1st overtime period - Shot by Dany Heatley.
0:28 of 1st overtime period - Stopped by Miikka Kiprusoff with a rebound.
0:40 of 1st overtime period - Shot by Dany Heatley.
0:40 of 1st overtime period - Shot Misses the Net.
0:42 of 1st overtime period - Shot by Brett Clark.
0:42 of 1st overtime period - Shot Misses the Net.
0:44 of 1st overtime period - Shot by Jay Mcclement.
0:44 of 1st overtime period - Stopped by Miikka Kiprusoff without a rebound.
0:45 of 1st overtime period - Jarome Iginla wins face-off versus Alexei Yashin in Flames zone.
1:24 of 1st overtime period - Shot by Alexei Yashin.
1:24 of 1st overtime period - Shot Blocked by Jaroslav Modry.
1:45 of 1st overtime period - Kristian Huselius is hit by Dany Heatley and loses puck.
2:24 of 1st overtime period - Shot by Daymond Langkow.
2:24 of 1st overtime period - Stopped by Wade Dubielewicz without a rebound.
2:25 of 1st overtime period - Jarome Iginla wins face-off versus Jay Mcclement in Thrashers zone.
2:32 of 1st overtime period - Shot by Daymond Langkow.
2:32 of 1st overtime period - Stopped by Wade Dubielewicz with a rebound.
2:40 of 1st overtime period - Jarome Iginla is hit by Dany Heatley and loses puck.
3:48 of 1st overtime period - Shot by Kristian Huselius.
3:48 of 1st overtime period - Stopped by Wade Dubielewicz without a rebound.
3:49 of 1st overtime period - Alex Tanguay wins face-off versus Henrik Sedin in Thrashers zone.
3:50 of 1st overtime period - Shot by Kristian Huselius.
3:50 of 1st overtime period - Shot Misses the Net.
3:52 of 1st overtime period - Shot by Jaroslav Modry.
3:52 of 1st overtime period - Stopped by Wade Dubielewicz without a rebound.
3:53 of 1st overtime period - Henrik Sedin wins face-off versus Bill Guerin in Thrashers zone.
3:53 of 1st overtime period - Henrik Sedin is hit by Daymond Langkow.
4:43 of 1st overtime period - Shot by Alex Tanguay.
4:43 of 1st overtime period - Shot Hit the Post.
4:47 of 1st overtime period - Shot by Kristian Huselius.
4:47 of 1st overtime period - Deflect By Alex Tanguay.
4:47 of 1st overtime period - Stopped by Wade Dubielewicz without a rebound.
4:48 of 1st overtime period - Jay Mcclement wins face-off versus Jarome Iginla in Thrashers zone.

ShootOut

ShootOut - Penalty Shot by Dany Heatley for Thrashers.
ShootOut - Stopped by Miikka Kiprusoff.
ShootOut - Penalty Shot by Jarome Iginla for Flames.
ShootOut - Goal by Jarome Iginla.
ShootOut - Penalty Shot by Marian Hossa for Thrashers.
ShootOut - Stopped by Miikka Kiprusoff.
ShootOut - Penalty Shot by Daymond Langkow for Flames.
ShootOut - Goal by Daymond Langkow.


Output by the SimonT Hockey Simulator (STHS) for Stephane Roy -- Original Page W3C XHTML 1.0 Valid